[Event "Team 45 45 League T41"]
[Site "Internet Chess Club"]
[Date "2009.05.19"]
[Round "3"]
[White "gyoung"]
[Black "freestyle"]
[Result "1-0"]
[WhiteElo "2319"]
[BlackElo "2317"]
[Opening "Scandinavian: Pytel-Wade variation"]
[ECO "B01"]
[Time "19:00:39"]
[TimeControl "2700+45"]

1. e4 d5 2. exd5 Qxd5 3. Nc3 Qd6 4. d4 Nf6 5. Bc4 a6 6. a4 Nc6 7. Nge2 Bg4 8. f3
Bh5 9. O-O e6 10. Be3 O-O-O 11. a5 e5 12. d5 Nb4 13. Ng3 Bg6 14. Nge4 Qd7 15.
Nxf6 gxf6 16. Rf2 f5 17. Rd2 Rg8 18. Kh1 f4 19. Bf2 f5 20. d6 Rg7 21. dxc7 Qxd2
22. cxd8=Q+ Qxd8 23. Be6+ Rd7 24. Na4 {Black resigns} 1-0

[Event "Team 45 45 League T41"]
[Site "Internet Chess Club"]
[Date "2009.05.18"]
[Round "3"]
[White "Gaia"]
[Black "Zkid"]
[Result "0-1"]
[WhiteElo "1937"]
[BlackElo "2223"]
[Opening "Grünfeld: exchange variation"]
[ECO "D85"]
[Time "00:10:12"]
[TimeControl "2700+45"]

1. d4 Nf6 2. c4 g6 3. Nc3 d5 4. cxd5 Nxd5 5. e3 Bg7 6. Bc4 Nb6 7. Bb3 O-O 8. h4
c5 9. dxc5 Qxd1+ 10. Bxd1 N6d7 11. Ne4 Na6 12. c6 Ne5 13. cxb7 Bxb7 14. Nc3 Bxg2
15. Rh2 Nd3+ 16. Ke2 Nxc1+ 17. Rxc1 Bb7 18. h5 Nb4 19. Bb3 Ba6+ 20. Kf3 Nd3 21.
Rb1 Nxb2 22. Nge2 Nc4 23. Kg3 Nd2 24. Rbh1 e6 25. hxg6 hxg6 26. f3 Rac8 27. Nb1
Rfd8 28. Nxd2 Rxd2 29. Nf4 Rxh2 30. Rxh2 Rc3 31. Kf2 Rc1 32. Rg2 Rf1+ 33. Kg3
Be5 34. Kg4 Bb7 35. Rg3 Kg7 36. Bc4 Rh1 37. Rg2 f5+ 38. Kg3 g5 39. Kf2 Kf6 40.
Nxe6 g4 41. Nc5 Bc6 42. Be2 g3+ 43. Rxg3 Bxg3+ 44. Kxg3 Rc1 45. Nb3 Rc2 46. Nd4
Rxa2 47. Bd3 Bd7 48. Kf4 Ra4 49. Bc2 Rb4 50. Kg3 a5 51. Nb3 Ba4 52. Nd4 Rxd4
{White resigns} 0-1

[Event "Team 45 45 League T41"]
[Site "Internet Chess Club"]
[Date "2009.05.16"]
[Round "3"]
[White "chiiwen"]
[Black "mcplayerus"]
[Result "0-1"]
[WhiteElo "2065"]
[BlackElo "2007"]
[Opening "Sicilian: Hungarian variation"]
[ECO "B27"]
[Time "17:00:18"]
[TimeControl "2700+45"]

1. e4 c5 2. Nf3 g6 3. d4 Bg7 4. Bc4 cxd4 5. Nxd4 Nc6 6. Nxc6 bxc6 7. O-O Qb6 8.
Qf3 Nf6 9. Bb3 O-O 10. Be3 Qa5 11. Nd2 d6 12. h3 Ba6 13. Rfe1 Nd7 14. Rab1 Nc5
15. Bxc5 Qxc5 16. c3 Bh6 17. Rbd1 Qe5 18. Nc4 Bxc4 19. Bxc4 Rab8 20. Bb3 a5 21.
Rd4 Bg5 22. Red1 Kg7 23. Qg4 Rb7 24. Kh1 h5 25. Qf3 Bf6 26. Rc4 Rb6 27. Qe3 Rfb8
28. f4 Qb5 29. Re1 e6 30. e5 Bh4 31. g3 Be7 32. exd6 Qd5+ 33. Re4 Qxd6 34. Rd4
Qc7 35. Qd3 c5 36. Rde4 Rd8 37. Qe2 Qb7 38. Kh2 Rbd6 39. Qf2 h4 40. g4 c4 41.
Rxc4 a4 42. Rxa4 Rd2 43. Re2 Bc5 44. Qf1 Be3 45. Rd4 R8xd4 46. cxd4 Bxf4+ 47.
Kg1 Rxd4 48. Qf2 Qb6 49. Re4 Rxe4 50. Qxb6 Be3+ 51. Qxe3 Rxe3 52. Kg2 Rg3+ 53.
Kh2 Kf6 54. Bd1 Ke5 55. a4 Kd4 56. a5 Kc5 57. Be2 Rb3 58. Kg1 Rxb2 59. Bf1 Ra2
60. a6 f5 61. gxf5 exf5 62. Kh1 g5 63. Kg1 Kd4 64. Kh1 Ke3 65. Kg1 Kf4 66. Bc4
Ra5 67. Bf1 Kg3 68. Kh1 Ra1 69. Kg1 g4 70. hxg4 fxg4 {White resigns} 0-1

[Event "Team 45 45 League T41"]
[Site "Internet Chess Club"]
[Date "2009.05.18"]
[Round "3"]
[White "Frodo"]
[Black "evan94131"]
[Result "1/2-1/2"]
[WhiteElo "1812"]
[BlackElo "1850"]
[Opening "Sicilian: Pelikan, Chelyabinsk variation"]
[ECO "B33"]
[Time "19:20:55"]
[TimeControl "2700+45"]

1. e4 c5 2. Nf3 Nc6 3. d4 cxd4 4. Nxd4 Nf6 5. Nc3 e5 6. Ndb5 d6 7. Bg5 a6 8. Na3
b5 9. Bxf6 gxf6 10. Nd5 Bg7 11. c3 Be6 12. Nc2 Ne7 13. Nce3 O-O 14. Bd3 Bxd5 15.
exd5 Ng6 16. Nf5 Qb6 17. Qh5 Rae8 18. Be4 b4 19. Rc1 Qc7 20. O-O Rc8 21. Rfe1
Kh8 22. Re3 Nf4 23. Qh4 Ng6 24. Qh5 Nf4 25. Qh4 {Game drawn by mutual agreement}
1/2-1/2

[Event "Team 45 45 League T41"]
[Site "Internet Chess Club"]
[Date "2009.05.16"]
[Round "3"]
[White "easycure"]
[Black "Folgers"]
[Result "1-0"]
[WhiteElo "2398"]
[BlackElo "2079"]
[Opening "QGD Slav: Winawer counter-gambit"]
[ECO "D10"]
[Time "11:09:45"]
[TimeControl "2700+45"]

1. d4 d5 2. c4 c6 3. Nc3 e5 4. e3 e4 5. Qb3 Nf6 6. cxd5 cxd5 7. Nge2 Nc6 8. Nf4
Bb4 9. Bd2 O-O 10. Ncxd5 Bxd2+ 11. Kxd2 Qa5+ 12. Qc3 Nxd5 13. Qxa5 Nxa5 14. Nxd5
Be6 15. Nc3 f5 16. Be2 a6 17. Rhc1 Rac8 18. b4 Nc4+ 19. Bxc4 Rxc4 20. a3 Rfc8
21. Ne2 g5 22. Rxc4 Rxc4 23. Rc1 Kf7 24. Rxc4 Bxc4 25. Nc3 Ke6 26. f3 exf3 27.
gxf3 b5 28. Ke1 h5 29. Kf2 h4 30. Kg2 Kf6 31. a4 Ke6 32. a5 Kd6 33. e4 Ke6 34.
Kf2 g4 35. exf5+ Kxf5 36. fxg4+ Kxg4 37. Ne4 Kf4 38. Nc5 Bd5 39. Nxa6 Ke4 40.
Nc7 Bc6 41. d5 {Black resigns} 1-0

[Event "Team 45 45 League T41"]
[Site "Internet Chess Club"]
[Date "2009.05.14"]
[Round "3"]
[White "charles-allen"]
[Black "Ser-Enigma"]
[Result "0-1"]
[WhiteElo "1856"]
[BlackElo "2187"]
[Opening "Scandinavian: Marshall variation"]
[ECO "B01"]
[Time "08:03:32"]
[TimeControl "2700+45"]

1. e4 d5 2. exd5 Nf6 3. d4 Nxd5 4. c4 Nb6 5. Nf3 g6 6. Be3 Bg7 7. Nc3 O-O 8. Rc1
Nc6 9. d5 Ne5 10. b3 c6 11. Nxe5 Bxe5 12. Bd4 Bxd4 13. Qxd4 e5 14. Qd2 cxd5 15.
Nxd5 Nxd5 16. Qxd5 Qc7 17. Be2 Be6 18. Qd2 Rad8 19. Qc3 Rd4 20. O-O Rfd8 21.
Rfd1 b5 22. Rxd4 exd4 23. Qc2 Qc5 24. Bd3 b4 25. Re1 Kg7 26. Qe2 Rd6 27. Qe5+
Qxe5 28. Rxe5 Ra6 29. Re2 f5 30. c5 Rc6 31. Bb5 Rxc5 32. Rxe6 Rxb5 33. Re7+ Kf6
34. Rd7 Rc5 35. Kf1 Rc1+ 36. Ke2 Rc2+ 37. Kd1 Rxa2 38. Rxd4 Rxf2 39. Rxb4 Rxg2
40. h4 Rg4 41. Rxg4 fxg4 42. Ke2 Kf5 {White resigns} 0-1

[Event "Team 45 45 League T41"]
[Site "Internet Chess Club"]
[Date "2009.05.16"]
[Round "3"]
[White "jorobo"]
[Black "poni"]
[Result "1-0"]
[WhiteElo "2175"]
[BlackElo "2023"]
[Opening "English: four knights, kingside fianchetto"]
[ECO "A29"]
[Time "12:00:48"]
[TimeControl "2700+45"]

1. c4 e5 2. Nc3 Nc6 3. Nf3 Nf6 4. g3 Bc5 5. Nxe5 Nxe5 6. d4 Bxd4 7. Qxd4 d6 8.
Bg2 O-O 9. O-O Re8 10. Rd1 Nc6 11. Qd2 Bf5 12. b3 Ne4 13. Nxe4 Bxe4 14. f3 Bg6
15. e4 a5 16. Bb2 Qe7 17. Re1 f6 18. f4 Rad8 19. h3 Qd7 20. Rad1 Re7 21. Kh2 Qc8
22. Re3 Rde8 23. Rde1 Qa8 24. e5 dxe5 25. Bd5+ Kh8 26. Bxc6 bxc6 27. fxe5 fxe5
28. Rxe5 Rxe5 29. Rxe5 Rxe5 30. Bxe5 h6 31. Qxh6+ {Black resigns} 1-0

[Event "Team 45 45 League T41"]
[Site "Internet Chess Club"]
[Date "2009.05.16"]
[Round "3"]
[White "MeanMrMustard"]
[Black "Blade"]
[Result "1-0"]
[WhiteElo "1994"]
[BlackElo "2125"]
[Opening "Scotch gambit: Dubois-Réti defense"]
[ECO "C55"]
[Time "09:36:33"]
[TimeControl "2700+45"]

1. e4 e5 2. Nf3 Nc6 3. Bc4 Nf6 4. d4 exd4 5. e5 d5 6. Bb5 Ne4 7. Nxd4 Bd7 8.
Bxc6 bxc6 9. O-O Be7 10. f3 Nc5 11. f4 Ne4 12. Nd2 c5 13. Nxe4 dxe4 14. Ne2 Bb5
15. Qxd8+ Rxd8 16. Re1 Ba4 17. b3 Bc6 18. Be3 O-O 19. Ng3 Rfe8 20. Rad1 a6 21.
Kf1 g5 22. fxg5 Rxd1 23. Rxd1 Bf8 24. Bf4 Bg7 25. Nf5 Bxe5 26. Bxe5 Rxe5 27.
Rd8+ Be8 28. g4 c4 29. Rd5 Rxd5 30. Ne7+ Kg7 31. Nxd5 {Black resigns} 1-0

[Event "Team 45 45 League T41"]
[Site "Internet Chess Club"]
[Date "2009.05.16"]
[Round "3"]
[White "andretta"]
[Black "bjoernchess"]
[Result "1-0"]
[WhiteElo "2366"]
[BlackElo "2305"]
[Opening "King's Indian, 3.Nf3"]
[ECO "D74"]
[Time "10:23:41"]
[TimeControl "2700+45"]

1. d4 Nf6 2. c4 g6 3. Nf3 Bg7 4. g3 O-O 5. Bg2 d5 6. cxd5 Nxd5 7. Nc3 Nb6 8. O-O
Nc6 9. d5 Na5 10. e4 c6 11. Bg5 h6 12. Bf4 cxd5 13. exd5 Nac4 14. Qe2 g5 15. Bc1
e5 16. dxe6 Bxe6 17. h4 g4 18. Nh2 Qc8 19. Ne4 Rd8 20. Rb1 Ne5 21. b3 f5 22. Nd2
Nd5 23. Bb2 Nc3 24. Bxc3 Qxc3 25. Nc4 Bf7 26. Nxe5 Qxe5 27. Qxe5 Bxe5 28. Rfd1
Rab8 29. Nf1 f4 30. Rxd8+ Rxd8 31. Bxb7 Rd3 32. Re1 Bd6 33. gxf4 Bxf4 34. Re4
Bc7 35. Rxg4+ Kf8 36. Kg2 h5 37. Ra4 a5 38. Bf3 Rc3 39. Ng3 Rc5 40. Ne4 Rf5 41.
Rd4 Be5 42. Rd8+ Ke7 43. Ra8 Bf4 44. Ra7+ Kf8 45. Ra6 Ke7 46. Ng3 Rc5 47. Rc6
Re5 48. Rc8 Bg6 49. Rh8 Bxg3 50. Kxg3 Rc5 51. Ra8 Bb1 52. a3 Rb5 53. Ra7+ Kf6
54. Rb7 Rc5 55. Rb6+ Kg7 56. b4 Rc3 57. Kf4 a4 58. Bxh5 Rxa3 59. Kg5 Ra2 60.
Rb7+ Kf8 61. f4 Rf2 62. Rf7+ Kg8 63. Ra7 Bc2 64. b5 Rd2 65. Bf7+ Kf8 66. Kf6 Rd8
67. Be6 Rb8 68. Rg7 {Black resigns} 1-0

[Event "Team 45 45 League T41"]
[Site "Internet Chess Club"]
[Date "2009.05.16"]
[Round "3"]
[White "VammSK"]
[Black "ranaamasonika"]
[Result "0-1"]
[WhiteElo "2213"]
[BlackElo "2166"]
[Opening "Dutch"]
[ECO "A87"]
[Time "11:00:33"]
[TimeControl "2700+45"]

1. d4 f5 2. Nf3 Nf6 3. g3 d6 4. Bg2 g6 5. O-O Bg7 6. c4 O-O 7. Nc3 Qe8 8. Nd5
Na6 9. Re1 e5 10. Nxf6+ Bxf6 11. Bh6 Rf7 12. e4 fxe4 13. Rxe4 Bf5 14. Re1 Nb4
15. dxe5 dxe5 16. Ng5 Rd7 17. Qb3 Nc2 18. Rad1 Bxg5 19. Rxd7 Bxh6 20. Bd5+ Kh8
21. Rxc7 Rb8 22. g4 Nxe1 23. gxf5 Qd8 24. Rf7 Qg5+ 25. Kf1 Qc1 26. Qc3 Qxc3 27.
bxc3 Nd3 28. Rc7 gxf5 29. Bxb7 Nf4 30. Rc8+ Rxc8 31. Bxc8 Ng6 32. Bxf5 Bd2 33.
Ke2 Bxc3 34. c5 Kg7 35. Kd3 Bd4 36. c6 Bb6 37. Kc4 Kf6 38. Be4 Ke6 {White
resigns} 0-1

[Event "Team 45 45 League T41"]
[Site "Internet Chess Club"]
[Date "2009.05.17"]
[Round "3"]
[White "xakelari"]
[Black "shakkimestari"]
[Result "1-0"]
[WhiteElo "2063"]
[BlackElo "2001"]
[Opening "Four knights: Rubinstein counter-gambit, exchange variation"]
[ECO "C48"]
[Time "12:00:05"]
[TimeControl "2700+45"]

1. e4 e5 2. Nf3 Nc6 3. Nc3 Nf6 4. Bb5 Nd4 5. Nxd4 exd4 6. e5 Qe7 7. O-O dxc3 8.
exf6 Qxf6 9. dxc3 Be7 10. Be3 O-O 11. Re1 Bd6 12. Bd3 b6 13. Qg4 Qe6 14. Qh4 h6
15. Bd4 g5 16. Rxe6 g4 {Black resigns} 1-0

[Event "Team 45 45 League T41"]
[Site "Internet Chess Club"]
[Date "2009.05.17"]
[Round "3"]
[White "MikkoN"]
[Black "alegro"]
[Result "0-1"]
[WhiteElo "1961"]
[BlackElo "1954"]
[Opening "English opening"]
[ECO "A20"]
[Time "11:38:26"]
[TimeControl "2700+45"]

1. c4 e5 2. g3 d6 3. Bg2 g6 4. Nc3 Bg7 5. Rb1 Ne7 6. b4 O-O 7. d3 f5 8. Qb3 Kh8
9. Nf3 Nd7 10. O-O Nf6 11. c5 e4 12. dxe4 fxe4 13. cxd6 cxd6 14. Ng5 d5 15. Rd1
Qe8 16. Bf4 h6 17. Nh3 Be6 18. Bd6 Rd8 19. Bc5 b6 20. Bd4 g5 21. f3 e3 22. a4
Nf5 23. Nb5 Qd7 24. Ba1 a6 25. Nd4 Nxd4 26. Bxd4 Bxh3 27. Bxh3 Qxh3 28. Bxb6
Rde8 29. Rd3 Ng4 {White resigns} 0-1

[Event "Team 45 45 League T41"]
[Site "Internet Chess Club"]
[Date "2009.05.16"]
[Round "3"]
[White "ElmerHo"]
[Black "AndersO"]
[Result "1/2-1/2"]
[WhiteElo "1521"]
[BlackElo "1430"]
[Opening "French: Steinitz, Boleslavsky variation"]
[ECO "C11"]
[Time "19:00:15"]
[TimeControl "2700+45"]

1. e4 e6 2. d4 d5 3. Nc3 Nf6 4. e5 Nfd7 5. f4 c5 6. Nf3 Nc6 7. Be3 cxd4 8. Nxd4
Bc5 9. Qd2 O-O 10. O-O-O a6 11. h4 Nxd4 12. Bxd4 b5 13. Rh3 b4 14. Na4 Bxd4 15.
Qxd4 a5 16. Bb5 Rb8 17. Bd3 Qc7 18. h5 Bb7 19. f5 Nxe5 20. h6 Rfc8 21. Re1 Nxd3+
22. Qxd3 Qf4+ 23. Kb1 Qxf5 24. Qxf5 exf5 25. hxg7 Kxg7 26. Reh1 Rh8 27. Nc5 Bc8
28. Nd3 Rb6 29. Nf4 Bb7 30. Rd1 Rd6 31. Rd4 Re8 32. Nh5+ Kg6 33. Nf4+ Kg7 34.
Nh5+ Kg6 35. Nf4+ Kg7 36. Nh5+ Kg6 37. Nf4+ {Game drawn by repetition} 1/2-1/2

[Event "Team 45 45 League T41"]
[Site "Internet Chess Club"]
[Date "2009.05.16"]
[Round "3"]
[White "Esslinger"]
[Black "allanchs"]
[Result "1-0"]
[WhiteElo "1391"]
[BlackElo "1521"]
[Opening "QGD: Orthodox defense"]
[ECO "D60"]
[Time "10:01:12"]
[TimeControl "2700+45"]

1. d4 d5 2. c4 e6 3. Nc3 Nf6 4. Bg5 Nbd7 5. Nf3 Be7 6. e3 O-O 7. Be2 c6 8. O-O
dxc4 9. Bxc4 b5 10. Bd3 a6 11. Rc1 Bb7 12. Ne4 Rc8 13. Nxf6+ Nxf6 14. Ne5 Nd7
15. Bxe7 Qxe7 16. Nxd7 Qxd7 17. Rc5 Rfd8 18. f4 Qe7 19. f5 exf5 20. Re5 Qd6 21.
Rexf5 Rf8 22. Qf3 Qe7 23. Re5 Qd6 24. Qe4 g6 25. Re7 Rc7 26. Rxc7 Qxc7 27. Qf4
Qe7 28. e4 Qd7 29. Qf2 Qe6 30. b4 Qe7 31. a3 Qe6 32. Qc2 Rd8 33. Qc5 Rf8 34. e5
Qd5 35. Qxd5 cxd5 36. Rc1 Rc8 37. Rxc8+ Bxc8 38. Kf2 Kf8 39. Ke3 Ke7 40. Kf4 f6
41. g4 Ke6 42. exf6 Kxf6 43. g5+ Ke6 44. Be2 Bd7 45. Bg4+ Kd6 46. Bxd7 Kxd7 47.
Ke5 Kc6 48. h3 Kd7 49. Kxd5 Kc7 50. Ke6 Kd8 51. Kd6 Ke8 52. Kc7 {Black resigns}
1-0

[Event "Team 45 45 League T41"]
[Site "Internet Chess Club"]
[Date "2009.05.16"]
[Round "3"]
[White "Invicta-Knight"]
[Black "conron"]
[Result "1-0"]
[WhiteElo "1605"]
[BlackElo "1360"]
[Opening "Center game: Berger variation"]
[ECO "C22"]
[Time "11:00:24"]
[TimeControl "2700+45"]

1. e4 e5 2. d4 exd4 3. Qxd4 Nc6 4. Qe3 Nf6 5. Nc3 Bb4 6. Bd2 O-O 7. O-O-O Re8 8.
Qg3 Rxe4 9. a3 Bd6 10. f4 Re8 11. Be2 Bc5 12. h3 d5 13. Bg4 Nxg4 14. hxg4 h6 15.
g5 hxg5 16. Qh2 Kf8 17. Nf3 gxf4 18. Bxf4 Bd6 19. Qh8+ Ke7 20. Bg5+ f6 21. Qxg7+
Ke6 22. Rde1+ Ne5 23. Nd4# {Black checkmated} 1-0

[Event "Team 45 45 League T41"]
[Site "Internet Chess Club"]
[Date "2009.05.16"]
[Round "3"]
[White "Kingangyal"]
[Black "EyeAm"]
[Result "1-0"]
[WhiteElo "1397"]
[BlackElo "1509"]
[Opening "Dutch"]
[ECO "A80"]
[Time "14:00:14"]
[TimeControl "2700+45"]

1. d4 f5 2. Bf4 Nf6 3. Nf3 g6 4. e3 Bg7 5. c4 O-O 6. h3 Nh5 7. Bh2 c5 8. Nc3 f4
9. Qd2 Nc6 10. Be2 fxe3 11. fxe3 cxd4 12. exd4 d6 13. O-O Qb6 14. Rad1 Bd7 15.
Kh1 Kh8 16. Nd5 Qd8 17. Nf4 Nxf4 18. Bxf4 Qa5 19. Qxa5 Nxa5 20. Bg5 Bf6 21. b4
Nc6 22. b5 Nb4 23. a4 Nc2 24. Rd2 Bxg5 25. Nxg5 Rxf1+ 26. Bxf1 Ne3 27. Bd3 Rf8
28. Nf3 Nf5 29. c5 Kg7 30. Kh2 h5 31. Be4 b6 32. c6 Bc8 33. Rc2 Ne3 34. Rc3 Nf1+
35. Kg1 Ng3 36. Re3 {Black forfeits on time} 1-0

[Event "Team 45 45 League T41"]
[Site "Internet Chess Club"]
[Date "2009.05.17"]
[Round "3"]
[White "Beancounter"]
[Black "fishhead"]
[Result "0-1"]
[WhiteElo "1664"]
[BlackElo "1944"]
[Opening "Alekhine's defense: modern, fianchetto variation"]
[ECO "B04"]
[Time "14:00:19"]
[TimeControl "2700+45"]

1. e4 Nf6 2. e5 Nd5 3. d4 d6 4. Nf3 g6 5. Bc4 Nb6 6. Bb3 Bg7 7. Ng5 O-O 8. e6 f6
9. Nf7 Qe8 10. d5 c6 11. c4 Na6 12. Bh6 Nc5 13. h4 Nxe6 14. Bxg7 Nxg7 15. Nh6+
Kh8 16. Nc3 Bd7 17. Qd3 Nf5 18. Nxf5 Bxf5 19. Qf3 e5 20. Ne4 Bxe4 21. Qxe4 f5
22. Qf3 c5 23. O-O-O a5 24. Qc3 Qf7 25. f4 a4 26. Bc2 Nd7 27. Rd3 Qf6 28. h5 g5
29. fxe5 Qxe5 30. Qd2 Qf6 31. Re3 Ne5 32. Qc3 f4 33. Re2 g4 34. Be4 a3 35. b3 h6
36. Rf2 g3 37. Rd2 Ng4 38. Qxf6+ Rxf6 39. Bf3 Ne5 40. Be4 Rg8 41. Rf1 Rg5 42.
Rh1 Kg7 43. Kd1 Ng4 44. Ke1 Re5 45. Re2 Nf2 {White resigns} 0-1

[Event "Team 45 45 League T41"]
[Site "Internet Chess Club"]
[Date "2009.05.16"]
[Round "3"]
[White "isolani"]
[Black "rayngrant"]
[Result "1-0"]
[WhiteElo "1540"]
[BlackElo "1554"]
[Opening "King's Indian: East Indian defense"]
[ECO "A48"]
[Time "09:01:13"]
[TimeControl "2700+45"]

1. d4 Nf6 2. Nf3 g6 3. e3 d5 4. Bd3 Bg7 5. O-O O-O 6. Nbd2 c6 7. b3 c5 8. Bb2
Nc6 9. a3 Re8 10. Re1 e5 11. dxe5 Ng4 12. Bb5 Ngxe5 13. Nxe5 Bxe5 14. Bxe5 Rxe5
15. Nf3 Bg4 16. Be2 Re7 17. h3 Bf5 18. Bd3 Be4 19. Ng5 Bxd3 20. cxd3 Qd7 21. Rc1
b6 22. Nf3 Ne5 23. d4 cxd4 24. exd4 Nc6 25. Rxe7 Nxe7 26. Ne5 Qd6 27. b4 f6 28.
Ng4 Kg7 29. Qd2 Nf5 30. a4 Re8 31. b5 Re4 32. Rc6 Qd7 33. Nxf6 Rxd4 34. Qxd4
Nxd4 35. Nxd7 Nxc6 36. bxc6 {Black resigns} 1-0

[Event "Team 45 45 League T41"]
[Site "Internet Chess Club"]
[Date "2009.05.18"]
[Round "3"]
[White "BenjaminSisko"]
[Black "Notscorwood"]
[Result "0-1"]
[WhiteElo "1490"]
[BlackElo "1494"]
[Opening "Réti: King's Indian attack"]
[ECO "A05"]
[Time "17:03:51"]
[TimeControl "2700+45"]

1. Nf3 Nf6 2. g3 g6 3. Bg2 d6 4. O-O Bg7 5. d3 Nbd7 6. Nbd2 c6 7. a4 Qc7 8. a5
a6 9. Re1 O-O 10. e4 e5 11. b4 Nh5 12. c3 h6 13. Nh4 Kh7 14. Bf3 Ndf6 15. Nc4
Be6 16. Nb6 Rad8 17. Be3 Qe7 18. Nf5 Bxf5 19. exf5 d5 20. Bc5 Qc7 21. Bxf8 Rxf8
22. fxg6+ fxg6 23. Rc1 Rf7 24. c4 Qd8 25. cxd5 cxd5 26. Rxe5 Qd6 27. Rxh5 gxh5
28. Bxh5 Rf8 {White forfeits on time} 0-1

[Event "Team 45 45 League T41"]
[Site "Internet Chess Club"]
[Date "2009.05.16"]
[Round "3"]
[White "Kingofknights"]
[Black "TheronUAL"]
[Result "1-0"]
[WhiteElo "1713"]
[BlackElo "1495"]
[Opening "QGD Slav: Tolush-Geller gambit"]
[ECO "D15"]
[Time "14:00:23"]
[TimeControl "2700+45"]

1. d4 d5 2. c4 c6 3. Nf3 Nf6 4. Nc3 dxc4 5. e4 b5 6. e5 Nd5 7. a4 Nxc3 8. bxc3
Bf5 9. axb5 cxb5 10. Be2 e6 11. Nd2 Qc7 12. Bf3 Nc6 13. Ra6 Rc8 14. Bxc6+ Qxc6
15. Rxc6 Rxc6 16. Qf3 Rc7 17. O-O Bd3 18. Re1 Be7 19. Qa8+ Bd8 20. Ba3 Kd7 21.
Bd6 Bg5 22. Qxh8 Bxd2 23. Bxc7 Kxc7 24. Ra1 Kb7 25. Qe8 Bxc3 26. Qxb5+ Ka8 27.
Qe8+ Kb7 28. Qxf7+ Kc6 29. Qxe6+ Kb5 30. Rxa7 Bxd4 31. Qd7+ Kb4 32. Qxd4 {Black
resigns} 1-0

[Event "Team 45 45 League T41"]
[Site "Internet Chess Club"]
[Date "2009.05.15"]
[Round "3"]
[White "Pillsbury57"]
[Black "az2112"]
[Result "0-1"]
[WhiteElo "1529"]
[BlackElo "1761"]
[Opening "Grünfeld: exchange variation"]
[ECO "D85"]
[Time "21:00:24"]
[TimeControl "2700+45"]

1. d4 Nf6 2. c4 g6 3. Nc3 d5 4. cxd5 Nxd5 5. e4 Nxc3 6. bxc3 Bg7 7. Qc2 c5 8. d5
O-O 9. Bc4 b5 10. Bxb5 Qa5 11. Rb1 Qxc3+ 12. Qxc3 Bxc3+ 13. Bd2 Bxd2+ 14. Kxd2
Rd8 15. Kc3 Nd7 16. Nf3 Nb6 17. Rhd1 f5 18. Bc6 Rb8 19. e5 Bd7 20. Bxd7 Rxd7 21.
d6 exd6 22. Rxd6 Rxd6 23. exd6 Nd5+ 24. Kc2 Rxb1 25. Kxb1 Nf6 26. Ne5 Kf8 27.
Kc2 Ke8 28. Kc3 Ne4+ 29. Kc4 Nxd6+ 30. Kxc5 Ne4+ 31. Kb5 Nc3+ 32. Ka6 Nxa2 33.
Kxa7 Ke7 34. Kb6 Ke6 35. Nf3 Kf6 36. Kc5 Nc3 37. Nd4 Ne4+ 38. Kd5 Nxf2 39. Nf3
Nd3 40. Kd6 Nf4 41. g3 Nh3 42. Ne5 Nf2 43. Nd7+ Kg5 44. Kd5 Ne4 45. Ne5 Nd2 46.
Kd4 Nf1 47. h4+ Kh5 48. Kd3 Nxg3 49. Nf3 Kg4 50. Ke3 f4+ 51. Kf2 Nf5 52. Ng5 h6
53. Ne6 Nxh4 54. Nf8 g5 55. Nh7 Kf5 56. Nf8 g4 57. Nd7 g3+ 58. Kg1 f3 59. Nc5
f2+ 60. Kf1 Nf3 61. Nb3 Nh2+ 62. Ke2 f1=Q+ 63. Kd2 Nf3+ 64. Kc3 Qe1+ 65. Kc4
Nd2+ 66. Nxd2 Qxd2 {White resigns} 0-1

[Event "Team 45 45 League T41"]
[Site "Internet Chess Club"]
[Date "2009.05.17"]
[Round "3"]
[White "Chess2Play"]
[Black "achessfool"]
[Result "1-0"]
[WhiteElo "1649"]
[BlackElo "1395"]
[Opening "QGD: 4.Bg5 Nbd7"]
[ECO "D51"]
[Time "22:00:10"]
[TimeControl "2700+45"]

1. d4 d5 2. c4 e6 3. Nc3 Nf6 4. Bg5 Nbd7 5. cxd5 exd5 6. Nf3 c6 7. e3 Bd6 8. Bd3
Nf8 9. O-O Ng6 10. Rc1 Bg4 11. h3 Bd7 12. Re1 O-O 13. e4 Be7 14. Bxf6 Bxf6 15.
exd5 cxd5 16. Nxd5 Be6 17. Nxf6+ Qxf6 18. Bc4 Nf4 19. Bxe6 Nxe6 20. g3 Rfd8 21.
Re4 b6 22. Rc6 Rac8 23. Rxc8 Rxc8 24. Ne5 Rd8 25. Nc6 Rd5 26. Kg2 Qf5 27. Ne7+
Kf8 28. Nxf5 Rxf5 29. d5 Ng5 30. Rf4 Re5 31. d6 Ke8 32. Qd4 Kd7 33. Qxe5 {Black
resigns} 1-0

[Event "Team 45 45 League T41"]
[Site "Internet Chess Club"]
[Date "2009.05.16"]
[Round "3"]
[White "BishopMike"]
[Black "Toalla"]
[Result "1-0"]
[WhiteElo "1470"]
[BlackElo "1293"]
[Opening "Danish gambit"]
[ECO "C21"]
[Time "12:35:21"]
[TimeControl "2700+45"]

1. e4 e5 2. d4 exd4 3. c3 Nf6 4. e5 Qe7 5. Nf3 d6 6. cxd4 dxe5 7. dxe5 Bg4 8.
Qa4+ c6 9. Nbd2 b5 10. Qb3 Nbd7 11. Be2 Nxe5 12. Nd4 Bxe2 13. Nxe2 Rd8 14. O-O
Rd3 15. Qc2 Nd5 16. Kh1 Qf6 17. Ne4 Qg6 18. Bf4 Nxf4 19. Nxf4 Qxe4 20. Rfe1 Qf5
21. Qxc6+ Qd7 22. Rxe5+ Be7 23. Qa8+ Qd8 24. Qxd8+ Kxd8 25. Nxd3 {Black resigns}
1-0

[Event "Team 45 45 League T41"]
[Site "Internet Chess Club"]
[Date "2009.05.15"]
[Round "3"]
[White "TerryMalloy"]
[Black "mongmong"]
[Result "1-0"]
[WhiteElo "2006"]
[BlackElo "1608"]
[Opening "Catalan opening"]
[ECO "E00"]
[Time "20:03:53"]
[TimeControl "2700+45"]

1. d4 e6 2. c4 Nf6 3. g3 Bb4+ 4. Bd2 a5 5. Bg2 d6 6. Nf3 Nbd7 7. O-O e5 8. Nc3
O-O 9. Qc2 Re8 10. e4 exd4 11. Nxd4 Ne5 12. b3 Bc5 13. Nce2 c6 14. Bc3 Bd7 15.
Rad1 Qc8 16. Rfe1 Bg4 17. Rd2 Bxd4 18. Nxd4 c5 19. Nb5 Nf3+ 20. Bxf3 Bxf3 21.
Re3 Bxe4 22. Nxd6 Bxc2 23. Nxc8 Raxc8 24. Rxc2 Rxe3 25. fxe3 Ne4 26. Bxa5 Rc6
27. Kg2 Rd6 28. Kf3 f5 29. g4 g6 30. gxf5 gxf5 31. Kf4 Rf6 32. Bc3 Rf7 33. a3
Kf8 34. Rc1 Ke7 35. b4 cxb4 36. axb4 Ke6 37. Bd4 Rc7 38. c5 Rc8 39. Rg1 Rf8 40.
Rg7 Rf7 41. Rxf7 Kxf7 42. Kxf5 Nd2 43. b5 Nf3 44. c6 bxc6 45. b6 Ke7 46. b7
{Black resigns} 1-0

[Event "Team 45 45 League T41"]
[Site "Internet Chess Club"]
[Date "2009.05.18"]
[Round "3"]
[White "raimundo"]
[Black "Ernie1"]
[Result "1-0"]
[WhiteElo "1798"]
[BlackElo "1627"]
[Opening "QGD Slav: 3.Nf3"]
[ECO "D11"]
[Time "22:00:30"]
[TimeControl "2700+45"]

1. d4 c6 2. c4 d5 3. Nf3 Nf6 4. g3 e6 5. Bg2 Bb4+ 6. Nc3 Ne4 7. Qb3 Qa5 8. Bd2
Nxd2 9. Nxd2 Nd7 10. O-O O-O 11. a3 Be7 12. e4 dxe4 13. Ndxe4 Qb6 14. Qxb6 Nxb6
15. b3 Rd8 16. Rfd1 f5 17. Nc5 e5 18. Nd3 exd4 19. Ne2 Bf6 20. c5 Nd5 21. Ndf4
d3 22. Nxd5 cxd5 23. Nf4 Bxa1 24. Rxa1 Bd7 25. Bxd5+ Kf8 26. Bxb7 Rab8 27. c6
Bc8 28. c7 Bxb7 29. cxd8=Q+ Rxd8 30. Ne6+ Ke7 31. Nxd8 Kxd8 32. Rd1 Ba6 33. f4
Ke7 34. Kf2 Kd6 35. Ke3 Kd5 36. Rc1 Kd6 37. h4 Kd5 38. b4 Bc4 39. Rc3 h5 40. Rc1
a6 41. Re1 Bb5 42. Ra1 Kc4 43. a4 Bc6 44. b5 axb5 45. axb5 Bxb5 46. Kd2 Kd4 47.
Re1 Bc6 48. Re7 Bf3 49. Rxg7 Bg4 50. Rd7+ Ke4 51. Rxd3 Bh3 52. Re3+ Kd5 53. Kc3
Bg4 54. Re5+ Kd6 55. Kd4 Bh3 56. Re8 Bg4 57. Rg8 Bf3 58. Rg6+ Ke7 59. Ke5 Bg4
60. Rxg4 fxg4 61. Kf5 {Black resigns} 1-0